 Dungeon Crawl Stone Soup version 0.28-a0-1347-g113dc556a4 (webtiles) character file.

Game seed: 11173159937801979205

28 RepHenryClay the Blocker (level 3, -9/25 HPs)
             Began as a Gnoll Wanderer on Dec 29, 2021.
             Killed from afar by Natasha (11 damage)
             ... with a magic dart
             ... on level 2 of the Dungeon.
             The game lasted 00:01:24 (1157 turns).

RepHenryClay the Blocker (Gnoll Wanderer)           Turns: 1157, Time: 00:01:24

Health: -9/25      AC:  7    Str: 12    XL:     3   Next: 14%
Magic:  3/3        EV: 15    Int:  8    God:
Gold:   29         SH:  7    Dex: 15    Spells: 3/3 levels left

rFire   . . .      SeeInvis .   a - +0 hand axe
rCold   . . .      Faith    .   b - +0 buckler {AC+3}
rNeg    . . .      Spirit   .   d - +0 leather armour
rPois   .          Reflect  .   c - +0 helmet
rElec   .          Harm     .   (no cloak)
rCorr   .          Rampage  .   (no gloves)
Will    .....                   (no boots)
Stlth   +.........              (no amulet)
HPRegen 0.08/turn               (no ring)
MPRegen 0.08/turn               (no ring)

@: invisible
A: fangs 1, strong nose, distributed training
a: no special abilities


You were on level 2 of the Dungeon.
You visited 1 branch of the dungeon, and saw 2 of its levels.

You collected 29 gold pieces.

Inventory:

Hand Weapons
 a - a +0 hand axe (weapon)
Armour
 b - a +0 buckler of protection (worn)
 c - a +0 helmet (worn)
 d - a +0 leather armour (worn)
Scrolls
 f - a scroll of immolation {unknown}


   Skills:
 + Level 0.6 Fighting
 + Level 0.6 Short Blades
 + Level 0.6 Long Blades
 + Level 2.5 Axes
 + Level 0.6 Maces & Flails
 + Level 0.6 Polearms
 + Level 0.6 Staves
 + Level 0.6 Slings
 + Level 0.6 Bows
 + Level 0.6 Crossbows
 + Level 0.6 Throwing
 + Level 0.6 Armour
 + Level 8.5 Dodging
 + Level 0.6 Stealth
 + Level 10.4 Shields
 + Level 0.6 Unarmed Combat
 + Level 0.6 Spellcasting
 + Level 0.4 Conjurations
 + Level 0.4 Hexes
 + Level 0.4 Summonings
 + Level 0.4 Necromancy
 + Level 0.4 Translocations
 + Level 0.4 Transmutations
 + Level 0.4 Fire Magic
 + Level 0.4 Ice Magic
 + Level 0.4 Air Magic
 + Level 0.4 Earth Magic
 + Level 0.4 Poison Magic
 + Level 0.8 Invocations
 + Level 0.6 Evocations


You had 3 spell levels left.
You didn't know any spells.
Your spell library contained the following spells:

 Spells                   Type           Power      Damage    Failure   Level
 Freeze                   Ice            4%         1d3       41%         1


Dungeon Overview and Level Annotations

Branches:
Dungeon (2/15)

Altars:

Annotations:
D:2 Natasha


Innate Abilities, Weirdness & Mutations

You have very sharp teeth.
Your uncanny sense of smell can sniff out nearby items.
Your experience applies equally to all skills.


Message History

You catch the helpless white imp completely off-guard!
You hit the white imp but do no damage. You block the white imp's attack.
Natasha hisses.
Natasha closely misses you.
You hit Natasha.
Natasha is severely wounded.
You hit the white imp but do no damage.
The crimson imp shouts!
The white imp lashes its tail.
You block the white imp's attack. Natasha closely misses you.
You barely miss Natasha.
Natasha is severely wounded.
You closely miss the crimson imp. You barely miss the white imp.
The white imp gestures at you. The puff of frost misses you.
You block the crimson imp's attack. Natasha barely misses you.
The white imp closely misses you.
Unknown command.
You hit Natasha.
Natasha is severely wounded.
You hit the crimson imp but do no damage.
You hit the white imp but do no damage. The crimson imp barely misses you.
Natasha closely misses you.
A rat comes into view.
The white imp closely misses you.
You hit Natasha.
Natasha is severely wounded.
You closely miss the crimson imp. You closely miss the white imp.
The crimson imp misses you. Natasha barely misses you.
You block the white imp's attack.
You barely miss Natasha. You bite Natasha, but do no damage.
Natasha is severely wounded.
You hit the white imp. You hit the crimson imp.
The crimson imp barely misses you. You block Natasha's attack.
The white imp gestures at you. The puff of frost hits you!
* * * LOW HITPOINT WARNING * * *
The crimson imp misses you. Natasha casts a spell at you.
The magic dart hits you!
You die...

.............#.......
#######.###..........
#.. ........#.######
#.#......####..#
#.#..... ##.##
....### #..# ..#.#
##.#####+#.# ###.#
#.#........ ......
#..@5...... ###...
##.5h......
#......... #.........
##.###r#.. #.. .... ∆
##.# #.. .. #.


You could see Natasha, a crimson imp (summoned), a white imp (summoned) and a
rat (wandering).

Vanquished Creatures
  A dart slug (D:1)
  2 bats (D:1)
  A giant cockroach (D:1)
  2 goblins (D:1)
  3 hobgoblins (D:1)
  4 jackals (D:1)
  3 quokkas
  A ball python (D:1)
  A frilled lizard (D:1)
  3 kobolds (D:1)
  A rat (D:1)
22 creatures vanquished.

Vanquished Creatures (others)
  A fungus (D:1)
1 creature vanquished.

Grand Total: 23 creatures vanquished

Notes
Turn   | Place    | Note
-------+----------+-------------------------------------------
     0 | D:1      | Reached skill level 10 in Shields
     0 | D:1      | RepHenryClay the Gnoll Wanderer began the quest for the
                  | Orb.
     0 | D:1      | RepHenryClay set off with the following items: a +0 hand
                  | axe, a +0 buckler of protection, a +0 helmet, a +0 leather
                  | armour
     0 | D:1      | Reached XP level 1. HP: 13/13 MP: 1/1
   275 | D:1      | Reached XP level 2. HP: 11/19 MP: 2/2
   620 | D:1      | Found a faded altar of an unknown god.
   624 | D:1      | Got Plato's Incunabulum of the Frostbite
   748 | D:1      | Reached XP level 3. HP: 22/25 MP: 3/3
  1142 | D:2      | Noticed Natasha
  1157 | D:2      | Killed from afar by Natasha

Illustrated notes

Levels and vault maps discovered:
D:1:      dpeg_arrival_arbitrary_c, layout_loops_ring,
          shapermc_ecumenical_altar_rom_forum
D:2:      layout_basic, uniq_crazy_yiuf_cottage, uniq_natasha

Skill      XL: | |
---------------+-+-----
Shields        | | 10.4
Fighting       | |  0.6
Short Blades   | |  0.6
Long Blades    | |  0.6
Axes           | |  2.5
Maces & Flails | |  0.6
Polearms       | |  0.6
Staves         | |  0.6
Slings         | |  0.6
Bows           | |  0.6
Crossbows      | |  0.6
Throwing       | |  0.6
Armour         | |  0.6
Dodging        | |  8.5
Stealth        | |  0.6
Unarmed Combat | |  0.6
Spellcasting   | |  0.6
Conjurations   | |  0.4
Hexes          | |  0.4
Summonings     | |  0.4
Necromancy     | |  0.4
Translocations | |  0.4
Transmutations | |  0.4
Fire Magic     | |  0.4
Ice Magic      | |  0.4
Air Magic      | |  0.4
Earth Magic    | |  0.4
Poison Magic   | |  0.4
Invocations    | |  0.8
Evocations     | |  0.6

Action                   || total
-------------------------++-------
Melee: Hand axe          ||    85
       Bite              ||     5
  Use: Potion            ||     1
 Stab: Sleeping          ||     2
       Invisible         ||     3
Armor: Leather armour    ||    14
Dodge: Dodged            ||    64
Block: Buckler           ||    34

Table legend: (Time is in decaauts)
 A = Elapsed time spent in this place.
 B = Non-inter-level travel time spent in this place.
 C = Inter-level travel time spent in this place.
 D = Time resting spent in this place.
 E = Time spent auto-exploring this place.
 F = Levels seen in this place.
 G = Mean time per level.
                   A        B        C        D        E       F      G
               +--------+--------+--------+--------+--------+-----+--------+
         Total |   1171 |   1149 |     22 |    147 |    821 |   2 |  585.5 |
       Dungeon |   1171 |   1149 |     22 |    147 |    821 |   2 |  585.5 |
               +--------+--------+--------+--------+--------+-----+--------+

Top non-repeatable levels by time:
     D:1: 1046 daAuts
     D:2: 125 daAuts
